 Dungeon Crawl Stone Soup version 0.29.0-4-gdea44cf6ec (webtiles) character file.

Game seed: 15625231993838169238

100 qw the Chopper (level 4, -2/26 HPs)
             Began as a Tengu Warper on Aug 28, 2022.
             Slain by an iguana (3 damage)
             ... on level 3 of the Dungeon.
             The game lasted 00:00:18 (2612 turns).

qw the Chopper (Tengu Warper)                       Turns: 2612, Time: 00:00:18

Health: -2/26      AC: 10    Str: 14    XL:     4   Next: 74%
Magic:  8/8        EV:  6    Int: 13    God:
Gold:   191        SH:  0    Dex: 13    Spells: 7/7 levels left

rFire   . . .      SeeInvis .   Y - +0 hand axe (vorpal)
rCold   . . .      Faith    .   (no shield)
rNeg    . . .      Spirit   .   c - +0 chain mail
rPois   .          Reflect  .   (helmet restricted)
rElec   .          Harm     .   (no cloak)
rCorr   .          Rampage  .   j - +1 pair of gloves
Will    .....                   (boots unavailable)
Stlth   ..........              (no amulet)
HPRegen 0.08/turn               (no ring)
MPRegen 0.11/turn               (no ring)

@: no status effects
A: beak, talons 3
a: no special abilities


You were on level 3 of the Dungeon.
You visited 1 branch of the dungeon, and saw 3 of its levels.

You collected 191 gold pieces.


Innate Abilities, Weirdness & Mutations

You have a beak for a mouth.
You have claws for feet.


   Skills:
 - Level 2.0 Fighting
 - Level 5.0 Axes
 - Level 1.0 Throwing
 + Level 1.9 Armour
 - Level 2.1 Dodging
 - Level 2.0 Spellcasting
 - Level 2.4 Translocations


You had 7 spell levels left.
You didn't know any spells.
Your spell library contained the following spells:

 Spells                   Type           Power      Damage    Failure   Level
 Blink                    Tloc           14%        N/A       98%         2
 Gell's Gravitas          Tloc           7%         N/A       100%        3
 Lesser Beckoning         Tloc           7%         N/A       100%        3
 Teleport Other           Tloc           7%         N/A       100%        3
 Manifold Assault         Tloc           7%         N/A       100%        5

Inventory:

Hand Weapons
 d - a +0 whip
 Y - a +0 vorpal hand axe (weapon)
Armour
 c - a +0 chain mail (worn)
 j - a +1 pair of gloves (worn)
Scrolls
 f - a scroll of teleportation {unknown}
Potions
 a - a potion of resistance {unknown}
 b - a potion of flight {unknown}
 e - a potion of heal wounds {unknown}
 g - a potion of attraction {unknown}
 h - a potion of curing {unknown}
 i - a potion of haste {unknown}

Dungeon Overview and Level Annotations

Branches:
Dungeon (3/15)

Altars:


Message History

Enter note: An iguana comes into view.
The iguana hisses angrily.
You closely miss the iguana. You peck the iguana, but do no damage.
The iguana hisses menacingly.
The iguana barely misses you.
You barely miss the iguana. You claw the iguana. Your peck misses the iguana.
The iguana is lightly wounded.
The iguana bites you.
You hit the iguana. Your kick misses the iguana.
The iguana is moderately wounded.
The iguana bites you but does no damage.
You hit the iguana but do no damage. You claw the iguana, but do no damage.
You punch the iguana, but do no damage.
The iguana is moderately wounded.
The iguana bites you!
You barely miss the iguana. You claw the iguana.
You peck the iguana, but do no damage.
The iguana is heavily wounded.
The iguana bites you!
You closely miss the iguana.
The iguana is heavily wounded.
The iguana bites you.
You hit the iguana. Your peck misses the iguana.
The iguana is heavily wounded.
The iguana bites you but does no damage.
You hit the iguana. Your kick misses the iguana.
You peck the iguana, but do no damage.
The iguana is almost dead.
The iguana bites you.
You hit the iguana but do no damage.
The iguana is almost dead.
The iguana bites you but does no damage.
You hit the iguana. You claw the iguana, but do no damage.
The iguana is almost dead.
The iguana bites you but does no damage.
You hit the iguana but do no damage. Your peck misses the iguana.
The iguana is almost dead.
The iguana bites you.
You die...

############
#####..........#
#.l@....#..###.#
#<....###.#.....##.#
#...# #.###...##.#
##. ##.###...##.####
#..............#
#........#####.#
#.....##.# ###.##
#...%%##.# #.....
#.....##.# #.#.##


You could see an iguana.

Vanquished Creatures
  4 adders
  3 worms (D:2)
  2 dart slugs
  A ball python (D:1)
  5 endoplasms
  4 hobgoblins
  A quokka (D:2)
  4 bats
  3 frilled lizards
  13 goblins
  4 kobolds
  7 rats
51 creatures vanquished.

Notes
Turn   | Place    | Note
-------+----------+-------------------------------------------
     0 | D:1      | qw the Tengu Warper began the quest for the Orb.
     0 | D:1      | Reached XP level 1. HP: 12/12 MP: 4/4
     0 | D:1      | 0 ||| qw: Version: 0.1-a-89-g26bdef1
     0 | D:1      | 0 ||| qw: Game counter: 2243
     0 | D:1      | 0 ||| qw: Always use a shield: true
     0 | D:1      | 0 ||| qw: God list: Okawaru
     0 | D:1      | 0 ||| qw: Allow faded altars: false
     0 | D:1      | 0 ||| qw: Do Orc after D:15 true
     0 | D:1      | 0 ||| qw: Do second Lair branch before Depths: true
     0 | D:1      | 0 ||| qw: Lair rune preference: random
     0 | D:1      | 0 ||| qw: Plans: Normal
     0 | D:1      | 0 ||| PLANNING D:1-11
   113 | D:1      | Reached XP level 2. HP: 17/17 MP: 6/6
   129 | D:1      | 129 ||| Stepping ~*~*~tactically~*~*~ (stealth).
   131 | D:1      | 131 ||| Stepping ~*~*~tactically~*~*~ (stealth).
   135 | D:1      | Reached skill level 3 in Axes
   501 | D:1      | 501 ||| UPGRADING to +0 pair of gloves.
   521 | D:1      | 521 ||| READING scroll labelled CIPUZUAPAE.
   524 | D:1      | 524 ||| READING scroll labelled JEM AQODDIOT.
   525 | D:1      | 525 ||| READING scroll labelled URA FOPPATUYF.
   526 | D:1      | 526 ||| DRINKING 2 fizzy cyan potions.
   554 | D:1      | 554 ||| DROPPING scroll of blinking.
   555 | D:1      | 555 ||| DROPPING potion of lignification.
   649 | D:2      | 649 ||| Stepping ~*~*~tactically~*~*~ (stealth).
   653 | D:2      | 653 ||| Stepping ~*~*~tactically~*~*~ (stealth).
   700 | D:2      | 700 ||| Stepping ~*~*~tactically~*~*~ (stealth).
   703 | D:2      | 703 ||| FLEEEEING.
   704 | D:2      | 704 ||| FLEEEEING.
   705 | D:2      | 705 ||| FLEEEEING.
   706 | D:2      | 706 ||| FLEEEEING.
   711 | D:2      | 711 ||| FLEEEEING.
   712 | D:2      | 712 ||| FLEEEEING.
   718 | D:2      | 718 ||| FLEEEEING.
   719 | D:2      | 719 ||| FLEEEEING.
   720 | D:2      | 720 ||| FLEEEEING.
   721 | D:2      | 721 ||| FLEEEEING.
   722 | D:2      | 722 ||| FLEEEEING.
   723 | D:2      | 723 ||| FLEEEEING.
   724 | D:2      | 724 ||| FLEEEEING.
   725 | D:2      | 725 ||| FLEEEEING.
   731 | D:2      | 731 ||| STAIRDANCE
   751 | D:1      | 751 ||| READING scroll labelled GEANEOMUYPH.
   779 | D:2      | Reached XP level 3. HP: 15/21 MP: 7/7
   922 | D:2      | Reached skill level 4 in Axes
   942 | D:2      | Identified the +6 scimitar of Causality {flame, rElec rPois
                  | Int-3}
  1061 | D:2      | 1061 ||| DROPPING +0 club.
  1151 | D:2      | 1151 ||| READING scroll of enchant armour.
  1151 | D:2      | 1151 ||| ENCHANTING +0 pair of gloves.
  1346 | D:2      | 1346 ||| READING scroll labelled ZILOJE BUEMI.
  1347 | D:2      | 1347 ||| READING scroll labelled HUMULEL ETA.
  1402 | D:2      | Reached XP level 4. HP: 17/26 MP: 8/8
  1651 | D:2      | 1651 ||| UPGRADING to +0 chain mail.
  1661 | D:2      | 1661 ||| DROPPING +0 leather armour.
  1662 | D:2      | 1662 ||| READING scroll labelled ZUOPLIKHET.
  1663 | D:2      | 1663 ||| READING scroll labelled SOUMYQ CIENN.
  1664 | D:2      | 1664 ||| DRINKING 3 coppery potions.
  1665 | D:2      | 1665 ||| DROPPING 2 potions of brilliance.
  1670 | D:3      | 1670 ||| STAIRDANCE
  1740 | D:3      | 1740 ||| Stepping ~*~*~tactically~*~*~ (hiding).
  2063 | D:3      | Reached skill level 5 in Axes
  2083 | D:3      | 2083 ||| Stepping ~*~*~tactically~*~*~ (hiding).
  2276 | D:3      | 2276 ||| READING scroll labelled QIWALISHIG.
  2283 | D:3      | 2283 ||| Stepping randomly (stuck).
  2420 | D:3      | 2420 ||| Stepping ~*~*~tactically~*~*~ (stealth).
  2423 | D:3      | 2423 ||| Stepping ~*~*~tactically~*~*~ (stealth).
  2606 | D:3      | HP: 6/26 [iguana (7)]
  2609 | D:3      | HP: 1/26 [iguana (2)]
  2612 | D:3      | Slain by an iguana

Levels and vault maps discovered:
D:1:      lightli_molten_gateway, layout_rooms
D:2:      layout_basic, serial_glass, glass_columns_b, glass_columns_a
D:3:      minmay_angry_zag, layout_loops_cross, minivault_24,
          nicolae_concentric_dashed_squares_wild

Skill      XL: |  1  2  3  4 |
---------------+-------------+-----
Axes           | 3 4 5 |  5.0
Fighting       | |  2.0
Throwing       | |  1.0
Armour         | |  1.9
Dodging        | |  2.1
Spellcasting   | |  2.0
Translocations | |  2.4

Action                   |  1- 3 |  4- 6 || total
-------------------------+-------+-------++-------
Melee: Hand axe          |    75 |    59 ||   134
       Kick              |    15 |    15 ||    30
       Peck              |    10 |    11 ||    21
       Punch             |     2 |     1 ||     3
Throw: Boomerang         |     7 |       ||     7
  Use: Scroll            |     7 |     3 ||    10
       Potion            |     1 |     1 ||     2
Armor: Leather armour    |    22 |       ||    22
       Chain mail        |       |    27 ||    27
Dodge: Dodged            |    39 |    12 ||    51

Table legend:
 A = Non-vault XP
 B = Vault XP
 C = Vault XP percentage of total XP
 D = Non-vault monster count
 E = Vault monster count
 F = Vault count percentage of total count
                 A         B        C        D         E       F
            +---------+---------+-------+---------+---------+-------
      Total |     134 |      10 |   6.9 |      46 |       5 |   9.8
            +---------+---------+-------+---------+---------+-------
        D:1 |      22 |       0 |   0.0 |      14 |       0 |   0.0
        D:2 |      62 |       0 |   0.0 |      16 |       0 |   0.0
        D:3 |      50 |      10 |  16.7 |      16 |       5 |  23.8
            +---------+---------+-------+---------+---------+-------
